 Dungeon Crawl Stone Soup version 0.19-a0-1532-g228a5d9 (webtiles) character file.

93 sveltemanboy the Poker (level 4, -1/33 HPs)
             Began as a Demonspawn Gladiator on Sept 13, 2016.
             Slain by Sigmund
             ... wielding a +0 scythe
              (10 damage)
             ... on level 3 of the Dungeon.
             The game lasted 00:04:59 (2084 turns).

sveltemanboy the Poker (Demonspawn Gladiator)       Turns: 2084, Time: 00:05:00

Health: -1/33      AC:  0    Str: 16    XL:     4   Next: 36%
Magic:  4/4        EV: 20    Int: 10    God:
Gold:   131        SH:  0    Dex: 13    Spells: 0 memorised, 3 levels left

rFire  . . .     SeeInvis .     (weapon currently unavailable)
rCold  . . .     Gourm    .     (armour currently unavailable)
rNeg   . . .     Faith    .     (shield currently unavailable)
rPois  .         Spirit   .     (helmet currently unavailable)
rElec  .         Dismiss  .     (cloak currently unavailable)
rCorr  .         Reflect  .     (gloves currently unavailable)
MR     .....     Harm     .     (boots currently unavailable)
Stlth  +.........               (amulet currently unavailable)
                                (ring currently unavailable)
                                (ring currently unavailable)

@: porcupine-form, quick
A: (spiny 0)
a: no special abilities


You were on level 3 of the Dungeon.
You were not hungry.
You were a spiny porcupine.
You visited 1 branch of the dungeon, and saw 3 of its levels.

You collected 131 gold pieces.

Inventory:

Hand Weapons
 a - a +0 trident (melded)
Missiles
 d - 3 throwing nets
 e - 6 javelins (quivered)
 B - 4 tomahawks
Armour
 c - a +0 helmet (melded)
 o - a +0 ring mail (melded)
Jewellery
 v - an uncursed ring of fire
Wands
 p - a wand of disintegration (14/24)
 x - a wand of teleportation (6/9)
Scrolls
 b - a scroll of teleportation {unknown}
 g - 2 scrolls of immolation {unknown}
 h - 3 scrolls of fear {unknown}
 i - a scroll of fog {unknown}
 l - 2 scrolls of remove curse {unknown}
 n - 4 scrolls of identify {unknown}
 u - a scroll of enchant weapon {unknown}
 w - a scroll of magic mapping {unknown}
 y - a scroll of noise {unknown}
Potions
 k - 2 potions of curing {unknown}
 m - a potion of heal wounds {unknown}
 q - a potion of flight {unknown}
 r - 3 potions of resistance {unknown}
 A - a potion of magic {unknown}
Comestibles
 f - 4 bread rations
 j - a meat ration
 s - 2 chunks of flesh
 t - 3 fruits
 z - a royal jelly


   Skills:
 - Level 2.0 Fighting
 * Level 4.0 Polearms
 - Level 1.7 Throwing
 + Level 1.6 Armour
 - Level 3.0 Dodging


You had 3 spell levels left.
You didn't know any spells.

Dungeon Overview and Level Annotations

Branches:
Dungeon (3/15)

Altars:

Annotations:
D:3 Sigmund


Innate Abilities, Weirdness & Mutations

((You are partially covered in sharp spines.))


Message History

The adder is struck by your spines.
You kill the adder!
You hear a zap.
Something tries to affect you, but you resist.
You see here an adder corpse.
No target in view!
You miss something. Something hits you but does no damage.
You barely miss something. Something hits you.
You barely miss something. Something hits you.
You hit something. You closely miss something. Something hits you!
* * * LOW HITPOINT WARNING * * *
Unknown command.
You miss something.
You hear a zap.
You turn into a spiny porcupine.
Your +0 trident melds into your body.
Your +0 helmet melds into your body.
Your +0 ring mail melds into your body.
You closely miss something. Something barely misses you.
You miss something. Something hits you!
You die...

##########
########........####
#..[.....######....#
#........##..r{....#
####.........#.###(...#
...............# .#.##
.###...........# .@ ..
.# #......[........#(
## .#
#.......#.#.#.###.# .#
##.#........#.# ( .#
#.###.##.### # ## .#
##. .###+##


There were no monsters in sight!

Vanquished Creatures
  A howler monkey skeleton (D:1)
  3 adders
  2 dart slugs (D:1)
  3 giant geckos
  2 giant cockroaches
  2 goblins
  12 hobgoblins
  A quokka (D:2)
  6 bats
  3 giant newts
  7 kobolds
  7 rats
49 creatures vanquished.

Notes
Turn   | Place    | Note
-------+----------+-------------------------------------------
     0 | D:1      | sveltemanboy the Demonspawn Gladiator began the quest for the Orb.
     0 | D:1      | Reached XP level 1. HP: 16/16 MP: 1/1
     5 | D:1      | You fall through a shaft!
   170 | D:1      | Reached skill level 3 in Polearms
   311 | D:1      | Gained mutation: You are partially covered in sharp spines. [demonic ancestry]
   311 | D:1      | Reached XP level 2. HP: 20/22 MP: 2/2
   807 | D:1      | Reached XP level 3. HP: 23/27 MP: 3/3
   913 | D:1      | Reached skill level 1 in Armour
  1506 | D:2      | Reached XP level 4. HP: 33/33 MP: 4/4
  1691 | D:2      | Reached skill level 4 in Polearms
  2067 | D:3      | Noticed Sigmund
  2084 | D:3      | Slain by Sigmund

Vault maps used:
D:1:      nicolae_arrival_washed_ashore
D:3:      uniq_sigmund

Skill      XL: |  1  2  3  4 |
---------------+-------------+-----
Polearms       | 3 4 |  4.0
Dodging        | 3 |  3.0
Armour         | 1 |  1.6
Fighting       | |  2.0
Throwing       | |  1.7

Action                   |  1- 3 |  4- 6 || total
-------------------------+-------+-------++-------
Melee: Trident           |    97 |    25 ||   122
       Unarmed           |       |     2 ||     2
Throw: Javelin           |     2 |     4 ||     6
  Eat: Chunk             |     2 |     2 ||     4
Armor: Leather armour    |    12 |       ||    12
       Ring mail         |     9 |     8 ||    17
Dodge: Dodged            |    41 |     7 ||    48
